 Dungeon Crawl Stone Soup version 0.25-a0-464-g3004169c2b (webtiles) character file.

Game seed: 1918158080379698086, levelgen mode: deterministic

3 wvc the Magician (level 1, 0/13 HPs)
             Began as a Gnoll Wanderer on Feb 4, 2020.
             Slain by a bat (1 damage)
             ... on level 1 of the Dungeon.
             The game lasted 00:01:24 (324 turns).

wvc the Magician (Gnoll Wanderer)                    Turns: 324, Time: 00:01:24

Health: 0/13       AC:  2    Str: 14    XL:     1   Next: 50%
Magic:  8/8        EV: 11    Int: 17    God:
Gold:   15         SH:  0    Dex: 11    Spells: 13/14 levels left

rFire    . . .     SeeInvis .   a - +0 club
rCold    . . .     Gourm    .   (no shield)
rNeg     . . .     Faith    .   c - +0 robe
rPois    .         Spirit   .   (no helmet)
rElec    .         Reflect  .   (no cloak)
rCorr    .         Harm     .   (no gloves)
MR       .....                  (no boots)
Stlth    +.........             (no amulet)
HPRegen  0.04/turn              (no ring)
MPRegen  0.11/turn              (no ring)

@: no status effects
A: distributed training, fangs 1, strong nose
a: no special abilities


You were on level 1 of the Dungeon.
You were not hungry.

You visited 1 branch of the dungeon, and saw 1 of its levels.

You collected 15 gold pieces.

Inventory:

Hand Weapons
 a - a +0 club (weapon)
Armour
 c - a +0 robe (worn)
Scrolls
 d - a scroll of identify {unknown}
 e - a scroll of amnesia {unknown}
 g - a scroll of enchant armour {unknown}
 h - a scroll of random uselessness {unknown}
Potions
 b - a potion of heal wounds {unknown}
Comestibles
 f - 2 rations


   Skills:
 + Level 0.0 Fighting
 + Level 0.0 Short Blades
 + Level 0.0 Long Blades
 + Level 0.0 Axes
 + Level 0.0 Maces & Flails
 + Level 0.0 Polearms
 + Level 0.0 Staves
 + Level 0.0 Slings
 + Level 0.0 Bows
 + Level 0.0 Crossbows
 + Level 4.4 Throwing
 + Level 0.0 Armour
 + Level 0.0 Dodging
 + Level 0.0 Stealth
 + Level 0.0 Shields
 + Level 0.0 Unarmed Combat
 + Level 7.0 Spellcasting
 + Level 0.0 Conjurations
 + Level 1.9 Hexes
 + Level 0.0 Charms
 + Level 0.0 Summonings
 + Level 0.0 Necromancy
 + Level 0.0 Translocations
 + Level 1.9 Transmutations
 + Level 1.9 Fire Magic
 + Level 0.0 Ice Magic
 + Level 3.6 Air Magic
 + Level 0.0 Earth Magic
 + Level 0.0 Poison Magic
 + Level 0.1 Invocations
 + Level 0.0 Evocations


You had 13 spell levels left.
You knew the following spells:

 Your Spells              Type           Power        Failure   Level  Hunger
a - Foxfire               Conj/Fire      #...         8%          1    None

Your spell library contained the following spells:

 Spells                   Type           Power        Failure   Level  Hunger
 Corpse Rot               Necr/Air       N/A          9%          2    None
 Swiftness                Chrm/Air       ##......     9%          2    None
 Inner Flame              Hex/Fire       ##......     16%         3    ##.....
 Conjure Flame            Conj/Fire      #.......     22%         3    ##.....
 Sticky Flame             Conj/Fire      #.......     58%         4    ####...
 Fireball                 Conj/Fire      #.........   91%         5    #####..


Dungeon Overview and Level Annotations

Branches:
Dungeon (1/15)

Altars:


Innate Abilities, Weirdness & Mutations

Your experience applies equally to all skills.
You have very sharp teeth.
Your uncanny sense of smell can sniff out nearby items.


Message History

The bat hits you but does no damage. x2
The bat misses you.
You closely miss the bat. The bat misses you.
The bat hits you but does no damage. The bat closely misses you.
You closely miss the bat. Your bite misses the bat. The bat hits you.
* * * LOW HITPOINT WARNING * * *
The bat closely misses you. The bat hits you.
* * * LOW HITPOINT WARNING * * *
You hit the bat.
The bat is severely wounded.
The bat closely misses you. The bat barely misses you. x2
You closely miss the bat. Your bite misses the bat.
The bat is heavily wounded.
The bat barely misses you. The bat hits you but does no damage.
The bat hits you but does no damage.
You miss the bat.
The bat is moderately wounded.
The bat hits you.
You die...

#....## #.....## ########
#...#..# .......# #...##.#
......# ######.######
......########.##...#
.####........##..#...#
.............###.....# ##∆
####.....@..#####...# ####.
####.....b.....†....#
#....###...........#####...#
#.###....##........# #...#
#..#..#####........# #...#
.....## ##........# #...#
.....#####.........## #...#
#.[#....##..........# #####
#.#####.##........#.#


You could see a bat.

Vanquished Creatures
  A bat (D:1)
  A hobgoblin (D:1)
  A rat (D:1)
3 creatures vanquished.

Notes
Turn   | Place    | Note
-------+----------+-------------------------------------------
     0 | D:1      | wvc the Gnoll Wanderer began the quest for the Orb.
     0 | D:1      | wvc set off with the following items: a +0 club, a +0 robe,
                  | a ration; and the following spell memorised: Foxfire; and
                  | the following spells available to memorise: Corpse Rot,
                  | Swiftness, Inner Flame, Conjure Flame, Sticky Flame,
                  | Fireball
     0 | D:1      | Reached XP level 1. HP: 13/13 MP: 8/8
   324 | D:1      | Slain by a bat

Levels and vault maps discovered:
D:1:      mrwooster_arrival_statue_2, layout_rooms

Action                   || total
-------------------------++-------
Melee: Club              ||    44
       Bite              ||     3
Armor: Robe              ||    33
Dodge: Dodged            ||    58

Table legend:
 A = Non-vault XP
 B = Vault XP
 C = Vault XP percentage of total XP
 D = Non-vault monster count
 E = Vault monster count
 F = Vault count percentage of total count
                 A         B        C        D         E       F
            +---------+---------+-------+---------+---------+-------
      Total |       5 |       0 |   0.0 |       3 |       0 |   0.0
            +---------+---------+-------+---------+---------+-------
        D:1 |       5 |       0 |   0.0 |       3 |       0 |   0.0
            +---------+---------+-------+---------+---------+-------
